 Dungeon Crawl Stone Soup version 0.27-a0-686-gaed091b (webtiles) character file.

Game seed: 17784661401662088705

3451 Minkie the Fighter (level 9, -3/83 HPs)
             Began as a Minotaur Fighter on Mar 20, 2021.
             Was a Follower of Okawaru.
             Slain by an unseen horror (5 damage)
             ... on level 8 of the Dungeon.
             The game lasted 00:32:01 (9770 turns).

Minkie the Fighter (Minotaur Fighter)               Turns: 9770, Time: 00:32:01

Health: -3/83      AC: 12    Str: 21    XL:     9   Next: 78%
Magic:  8/8        EV:  7    Int: 16    God:    Okawaru [*.....]
Gold:   264        SH: 16    Dex:  8    Spells: 7/8 levels left

rFire    . . .     SeeInvis .   E - +2 whip (flame)
rCold    + . .     Faith    .   c - +0 kite shield
rNeg     . . .     Spirit   .   M - +0 chain mail "Sucaseud" {rPois rC+ Int+3 Dex-3}
rPois    +         Reflect  +   (helmet restricted)
rElec    .         Harm     .   (no cloak)
rCorr    .         Rampage  .   q - +0 pair of gloves
Will     +....                  (no boots)
Stlth    ..........             b - amulet of reflection
HPRegen  0.23/turn              A - +6 ring of intelligence
MPRegen  0.11/turn              B - ring of willpower

@: no status effects
A: horns 2, retaliatory headbutt
a: Renounce Religion, Heroism


You were on level 8 of the Dungeon.
You worshipped Okawaru.
Okawaru was aware of your devotion.
You visited 2 branches of the dungeon, and saw 10 of its levels.

You collected 264 gold pieces.

Inventory:

Hand Weapons
 y - a +2 shortbow of freezing
 E - a +2 whip of flaming (weapon)
Missiles
 p - 46 poisoned darts (quivered)
 C - 2 boomerangs of dispersal
Armour
 c - a +0 kite shield (worn)
 q - a +0 pair of gloves (worn)
 M - the +0 chain mail "Sucaseud" (worn) {rPois rC+ Int+3 Dex-3}
   (You found it on level 8 of the Dungeon)

   It affects your intelligence (+3).
   It affects your dexterity (-3).
   It protects you from cold.
   It protects you from poison.
Magical Staves
 g - a staff of earth
Jewellery
 b - an amulet of reflection (around neck)
 A - a +6 ring of intelligence (right hand)
 B - a ring of willpower (left hand)
 N - a ring of protection from fire
Wands
 a - a wand of flame (42)
 D - a wand of random effects (15)
 G - a wand of iceblast (8)
 H - a wand of mindburst (12)
 K - a wand of paralysis (4)
 L - a wand of polymorph (11)
Scrolls
 f - a scroll of torment {unknown}
 h - a scroll of immolation {unknown}
 k - 7 scrolls of identify {unknown}
 l - 2 scrolls of fog {unknown}
 n - 3 scrolls of silence {unknown}
 o - a scroll of fear {unknown}
 r - a scroll of random uselessness {unknown}
 s - 3 scrolls of teleportation {unknown}
 t - a scroll of amnesia {unknown}
 z - a scroll of acquirement {unknown}
 F - 5 scrolls of enchant weapon {unknown}
 I - a scroll of vulnerability {unknown}
 J - a scroll of blinking {unknown}
Potions
 d - 2 potions of might
 e - 2 potions of flight {unknown}
 i - 9 potions of curing {unknown}
 j - 4 potions of haste {unknown}
 m - a potion of mutation {unknown}
 v - a potion of brilliance {unknown}
 w - a potion of berserk rage {unknown}
 x - a potion of attraction {unknown}


   Skills:
 + Level 9.2 Fighting
 + Level 8.7 Maces & Flails
 + Level 9.1 Armour
 + Level 9.2 Shields


You had 7 spell levels left.
You knew the following spells:

 Your Spells              Type           Power      Damage    Failure   Level
a - Corona                Hex            0%         N/A       98%         1

Your spell library contained the following spells:

 Spells                   Type           Power      Damage    Failure   Level
 Animate Skeleton         Necr           0%         N/A       98%         1
 Apportation              Tloc           0%         N/A       98%         1
 Summon Small Mammal      Summ           0%         N/A       98%         1


Dungeon Overview and Level Annotations

Branches:
Dungeon (9/15)             Temple (1/1) D:6
   Lair: D:8-11         Orc: D:9-12

Altars:
Ashenzari
Cheibriados
Dithmenos
Elyvilon
Fedhas
Gozag
Hepliaklqana
Kikubaaqudgha
Makhleb
Nemelex Xobeh
Okawaru
Qazlal
Ru
Sif Muna
Trog
Uskayaw
Vehumet
Xom
Yredelemnul
Zin
The Shining One

Annotations:
D:9 Grum


Innate Abilities, Weirdness & Mutations

You have a pair of horns on your head.
You reflexively headbutt those who attack you in melee.


Message History

You closely miss the wolf.
The wolf is severely wounded.
Something hits you.
* * * LOW HITPOINT WARNING * * *
You block the wolf's attack. Something hits you but does no damage.
The wolf bites you.
* * * LOW HITPOINT WARNING * * *
There is an open door, spattered with blood here.
Something hits you!
* * * LOW HITPOINT WARNING * * *
You block something's attack. The wolf barely misses you. Something hits you.
* * * LOW HITPOINT WARNING * * *
You block the wolf's attack.
There is an open door, spattered with blood here.
You block something's attack.
You hit the wolf. You burn the wolf.
The wolf is severely wounded.
You block the wolf's attack.
You closely miss the wolf.
The wolf is severely wounded.
The wolf closely misses you. You block the wolf's attack.
You closely miss the wolf.
The wolf is severely wounded.
The wolf bites you.
* * * LOW HITPOINT WARNING * * *
You hit the wolf. You burn the wolf. Your headbutt misses the wolf.
The wolf is almost dead.
The wolf barely misses you. You furiously retaliate!
You headbutt the wolf.
You kill the wolf!
Okawaru accepts your kill.
You barely miss something. Something hits you but does no damage.
You block something's attack.
You hit something. You burn something. You headbutt something.
Something hits you but does no damage. Something hits you.
* * * LOW HITPOINT WARNING * * *
Something hits you but does no damage.
You whack something! You burn something. You block something's attack.
Something hits you but does no damage.
You closely miss something. You headbutt something. Something hits you.
You die...

#.###########.# #.# #.# #.# #.#
#.# #.# #.# #.# #.# #####.# #.#
#######.# #.....# #.#
#.......#####.....# #.#
#....#####........###### #.#
#....#####...####....... #.#
#...>'{@.'...#####...... #.#
#....#####......##......
####.#####....#####......##......
.........'....+..........''......
####.#####....######.#...##......
#.#####....# #.#...##......
#..........######.##.###......
###............##.##.# #......
#.+............##.##.# #####.#


There were no monsters in sight!

Vanquished Creatures
  Pikel (D:7)
  A hornet zombie (D:7)
  An orc warrior (D:8)
  4 ice beasts
  2 sky beasts
  6 centaurs
  2 wolves
  A lemure (D:7)
  2 phantoms
  4 bullfrogs
  A water moccasin skeleton (D:8)
  2 scorpions
  A centaur zombie (D:6)
  A bullfrog zombie (D:7)
  A centaur skeleton (D:8)
  7 hounds
  5 orc priests
  2 jellies
  Jessica (D:3)
  4 orc wizards
  4 worker ants
  A hound skeleton (D:5)
  A worker ant zombie (D:5)
  Robin (D:3)
  4 gnolls
  10 adders
  2 shadow imps
  A white imp (D:5)
  An ufetubus (D:7)
  8 worms
  A dart slug (D:2)
  2 leopard geckos
  21 orcs
  5 giant cockroaches
  13 goblins
  11 hobgoblins
  12 jackals
  13 kobolds
  A quokka (D:3)
  7 bats
  8 frilled lizards
  A leopard gecko skeleton (D:5)
  A quokka skeleton (D:5)
  A quokka zombie (D:8)
  11 rats
190 creatures vanquished.

Vanquished Creatures (others)
  3 fungi (D:6)
  2 plants (D:6)
5 creatures vanquished.

Grand Total: 195 creatures vanquished

Notes
Turn   | Place    | Note
-------+----------+-------------------------------------------
     0 | D:1      | Minkie the Minotaur Fighter began the quest for the Orb.
     0 | D:1      | Reached XP level 1. HP: 19/19 MP: 0/0
   286 | D:1      | Reached XP level 2. HP: 27/27 MP: 1/1
   407 | D:2      | Reached XP level 3. HP: 32/33 MP: 2/2
  1199 | D:2      | Reached XP level 4. HP: 39/40 MP: 3/3
  1911 | D:2      | Reached XP level 5. HP: 42/47 MP: 4/4
  2523 | D:3      | Noticed Jessica
  2531 | D:3      | Killed Jessica
  2532 | D:3      | Reached skill level 5 in Shields
  2760 | D:3      | Noticed Robin
  2785 | D:3      | Reached skill level 5 in Fighting
  2789 | D:3      | Reached skill level 5 in Armour
  2799 | D:3      | Killed Robin
  3304 | D:3      | Found a faded altar of an unknown god.
  3554 | D:3      | Reached XP level 6. HP: 56/56 MP: 5/5
  3784 | D:5      | Entered Level 5 of the Dungeon
  4752 | D:4      | Reached skill level 5 in Maces & Flails
  4752 | D:4      | Reached XP level 7. HP: 50/62 MP: 6/6
  5873 | D:5      | HP: 3/64 [orc priest/+0 dagger (4)]
  5886 | D:6      | HP: 1/64 [adder (4)]
  5899 | D:6      | Reached XP level 8. HP: 4/71 MP: 7/7
  6495 | D:5      | You fall into a shaft and drop 3 floors!
  6785 | D:7      | Noticed Pikel
  6821 | D:7      | Killed Pikel
  6937 | D:7      | Learned a level 1 spell: Corona
  6978 | D:7      | Reached XP level 9. HP: 81/81 MP: 8/8
  7379 | D:6      | Found a staircase to the Ecumenical Temple.
  7402 | Temple   | Entered the Ecumenical Temple
  7639 | Temple   | Became a worshipper of Warmaster Okawaru
  7762 | D:6      | Found a blossoming altar of Fedhas.
  7838 | D:6      | Found a broken altar of Ashenzari.
  8839 | D:8      | Reached * piety under Okawaru
  9303 | D:8      | Identified the +0 chain mail "Sucaseud" {rPois rC+ Int+3
                  | Dex-3}
  9732 | D:9      | Noticed Grum
  9764 | D:8      | HP: 3/83 [wolf[Grum] (4)]
  9770 | D:8      | Slain by an unseen horror

Illustrated notes

Levels and vault maps discovered:
D:1:      dpeg_arrival_houses_and_road, layout_loops_ring,
          minmay_worlds_worst_comb
D:2:      minmay_recursive_quarters, layout_loops_ring, kennysheep_crisscross,
          minmay_quadrilaterals
D:3:      layout_loops_cross, chequers_ecumenical_altar_island,
          chequers_serial_rivers_large_b, st_stairs_2, uniq_jessica, uniq_robin
D:4:      layout_loops_ring
D:5:      minmay_evil_eye, layout_basic
D:6:      layout_rooms, minmay_temple_entry_trees, basic_altar,
          minmay_stone_trees_medium, fedhas_altar_3
D:7:      layout_rooms, nicolae_lava_and_water, minivault_24,
          serial_bayou_pond_e, uniq_pikel
D:8:      layout_basic
D:9:      layout_gridville, nicolae_wu_jian_immortal_techniques,
          lair_entry_dummy, uniq_grum
Temple:   roderic_octagonal_lattice_temple

Skill      XL: |  1  2  3  4  5  6  7  8  9 |
---------------+----------------------------+-----
Fighting       | 4 5 6 7 9 |  9.2
Armour         | 4 5 6 7 9 |  9.1
Shields        | 4 5 6 8 9 |  9.2
Maces & Flails | 3 4 5 6 7 8 |  8.7

Action                   |  1- 3 |  4- 6 |  7- 9 || total
-------------------------+-------+-------+-------++-------
Melee: Flail             |    69 |   316 |   142 ||   527
       Headbutt          |    11 |    33 |    82 ||   126
       Whip              |       |       |   183 ||   183
  Use: Potion            |       |     1 |       ||     1
Armor: Scale mail        |    34 |   136 |       ||   170
       Ring mail         |       |     7 |    72 ||    79
       Chain mail        |       |       |    28 ||    28
Dodge: Dodged            |    17 |    99 |    66 ||   182
Block: Kite shield       |    41 |   216 |   207 ||   464
       Reflection        |       |       |     8 ||     8

Table legend: (Time is in decaauts)
 A = Elapsed time spent in this place.
 B = Non-inter-level travel time spent in this place.
 C = Inter-level travel time spent in this place.
 D = Time resting spent in this place.
 E = Time spent auto-exploring this place.
 F = Levels seen in this place.
 G = Mean time per level.
                   A        B        C        D        E       F      G
               +--------+--------+--------+--------+--------+-----+--------+
         Total |   9993 |   9757 |    236 |   2166 |   5572 |  10 |  999.3 |
       Dungeon |   9730 |   9520 |    210 |   2166 |   5460 |   9 | 1081.1 |
        Temple |    263 |    237 |     26 |      0 |    112 |   1 |  263.0 |
               +--------+--------+--------+--------+--------+-----+--------+

Top non-repeatable levels by time:
     D:2: 1755 daAuts
     D:5: 1608 daAuts
     D:3: 1453 daAuts
     D:8: 1235 daAuts
     D:4: 1153 daAuts
     D:6: 1110 daAuts
     D:1: 718 daAuts
     D:7: 671 daAuts
  Temple: 263 daAuts
     D:9: 24 daAuts
